AoeStats
← Shuksan

Golden Pit

510213515Analyzed
1v1 RM · 13h ago on Sep 30, 2026· 41m 34s· 2 players
Game mode
Random Map
Map size
Tiny (2 player)
Population
200
Speed
Normal
Resources
Standard
Victory
Conquest
Starting age
Dark Age
Ending age
Imperial Age
RankedLock teamsTeams togetherTeam positionsShared explorationLock speedFull tech treeHidden civsTurbo modeCheats
Victory
Defeat
🇧🇷 Vikings · Brazil
755
+16
🇺🇸 Khmer · United States
757
-16
Tomate
5:28 Loom
12:24 Feudal Age
13:07 Stone Mining
14:00 Double-Bit Axe
16:15 Horse Collar
19:14 Town Watch
21:31 Fletching
26:42 Castle Age
25:04 Gold Mining
26:43 Padded Archer Armor
26:51 Scale Barding Armor
27:45 Bodkin Arrow
29:28 Pikeman
32:11 Light Cavalry
34:08 Scale Mail Armor
34:18 Forging
41:27 Imperial Age
39:11 Bow Saw
41:13 Gold Shaft Mining
41:52 Leather Archer Armor
Shuksan
10:53 Loom
13:20 Feudal Age
15:38 Double-Bit Axe
16:04 Arson
15:39 Man-at-Arms
19:56 Wheelbarrow
20:56 Horse Collar
24:44 Castle Age
23:17 Scale Barding Armor
23:29 Forging
23:26 Town Watch
23:41 Stone Mining
24:28 Bloodlines
26:34 Bow Saw
35:55 Fervor
36:05 Sanctity
36:41 Tusk Swords
39:34 Murder Holes
39:30 Heated Shot
39:53 Masonry
44:34 Imperial Age
Connection lost

Rejoining the realm…

Still unreachable

The connection could not be restored.

Session expired

The server has moved on; the page needs a fresh start.